 Dungeon Crawl Stone Soup version 0.16-a0-3712-g87ae24a (webtiles) character file.

160 BluebellGnoll the Chopper (level 5, -5/42 HPs)
             Began as a Minotaur Gladiator on Jan 20, 2015.
             Killed from afar by Jessica (7 damage)
             ... with a wand of magic darts
             ... on level 3 of the Dungeon.
             The game lasted 00:04:01 (1698 turns).

BluebellGnoll the Chopper (Minotaur Gladiator)      Turns: 1698, Time: 00:04:02

Health: -5/42      AC:  4    Str: 20    XL:     5   Next: 17%
Magic:  2/2        EV: 12    Int:  5    God:
Gold:   97         SH:  0    Dex: 11    Spells: 0 memorised, 4 levels left

rFire  . . .     SeeInvis .     a - +0 war axe
rCold  . . .     Clarity  .     b - +0 leather armour
rNeg   . . .     SustAb   .     (no shield)
rPois  .         Gourm    .     c - +0 hat
rElec  .         Spirit   .     y - +0 cloak
rCorr  .         Warding  .     (no gloves)
rMut   .         Stasis   .     (no boots)
MR     .....                    (no amulet)
Stlth  +.........               (no ring)
                                (no ring)

@: slowed, very slow, not resistant to hostile enchantments, very unstealthy
A: retaliatory headbutt, horns 2
a: no special abilities


You were on level 3 of the Dungeon.
You were not hungry.

You visited 1 branch of the dungeon, and saw 3 of its levels.

You collected 97 gold pieces.

Inventory:

Hand weapons
 a - a +0 war axe (weapon)
Missiles
 d - 4 throwing nets (quivered)
 o - 8 tomahawks
Armour
 b - a +0 leather armour (worn)
 c - a +0 hat (worn)
 y - a +0 cloak (worn)
Magical devices
 v - a wand of flame (24)
 x - a wand of random effects (12)
Scrolls
 h - 6 scrolls of remove curse {unknown}
 j - 3 scrolls of identify {unknown}
 l - a scroll of teleportation {unknown}
 n - a scroll of fear {unknown}
 p - 2 scrolls of enchant weapon {unknown}
 r - 2 scrolls of immolation {unknown}
 s - 2 scrolls of blinking {unknown}
 u - a scroll of recharging {unknown}
Potions
 e - 2 potions of heal wounds {unknown}
 g - a potion of brilliance {unknown}
 k - a potion of mutation {unknown}
 m - a potion of ambrosia {unknown}
 q - a potion of cancellation {unknown}
 w - a potion of curing {unknown}
Comestibles
 f - 2 bread rations
 i - a slice of pizza
 t - a meat ration


   Skills:
 - Level 2.4 Fighting
 + Level 7.1 Axes
 - Level 2.0 Throwing
 - Level 3.2 Dodging


You had 4 spell levels left.
You didn't know any spells.

Dungeon Overview and Level Annotations

Branches:
Dungeon (3/15)

Altars:

Annotations:
D:3 Jessica


Innate Abilities, Weirdness & Mutations

You reflexively headbutt those who attack you in melee.
You have a pair of horns on your head.


Message History

Jessica hits you.
Jessica mumbles some strange words.
Jessica blinks!
Jessica gestures wildly while chanting.
Jessica blinks!
You barely miss Jessica.
Jessica is severely wounded.
Jessica hits you.
Jessica zaps a wand.
The magic dart hits you!
* * * LOW HITPOINT WARNING * * *
You are too injured to fight recklessly!
Unknown command.
You are too injured to fight recklessly!
Unknown command.
You closely miss Jessica. Your headbutt misses Jessica.
Jessica is severely wounded.
Jessica zaps a wand.
The magic dart hits you!
* * * LOW HITPOINT WARNING * * *
Jessica looks very angry.
Jessica zaps a wand.
The magic dart hits you!
You die...

.#.......>.. .
.........
#.#.....####
#.#<.....@<.
#.†.#.###...#
#.#.#.# .#
#.#?#.# ..#
#....@###...#
#....@......#
#.............#
##...######.###
....... #
###...# #####


You could see Jessica.

Vanquished Creatures
  Crazy Yiuf (D:2)
  Ijyb (D:2)
  Robin (D:2)
  5 adders (D:2)
  4 giant geckos
  11 bats
  18 goblins
  10 hobgoblins
  3 giant newts
  6 kobolds
  5 rats
65 creatures vanquished.

Notes
Turn   | Place    | Note
--------------------------------------------------------------
     0 | D:1      | BluebellGnoll, the Minotaur Gladiator, began the quest for the Orb.
     0 | D:1      | Reached XP level 1. HP: 18/18 MP: 1/1
    77 | D:1      | Reached skill level 4 in Axes
   107 | D:1      | Reached XP level 2. HP: 20/25 MP: 1/1
   334 | D:1      | You fall through a shaft!
   416 | D:2      | Reached skill level 5 in Axes
   416 | D:2      | Reached XP level 3. HP: 20/30 MP: 2/2
   784 | D:2      | Reached XP level 4. HP: 37/37 MP: 2/2
   895 | D:2      | Reached skill level 6 in Axes
   897 | D:2      | Noticed Ijyb
   918 | D:2      | Killed Ijyb
  1147 | D:2      | Noticed Robin
  1148 | D:2      | Noticed Crazy Yiuf
  1161 | D:2      | Killed Crazy Yiuf
  1168 | D:2      | Killed Robin
  1168 | D:2      | Reached skill level 7 in Axes
  1168 | D:2      | Reached XP level 5. HP: 10/42 MP: 0/2
  1683 | D:3      | Noticed Jessica
  1698 | D:3      | HP: 2/42 [Jessica/wand of magic darts (8)]
  1698 | D:3      | Killed from afar by Jessica

Action                   |  1- 3 |  4- 6 || total
-------------------------+-------+-------++-------
Melee: War axe           |    71 |    52 ||   123
  Eat: Chunk             |       |     3 ||     3
